 Dungeon Sprint DCSS version 0.24-a0-335-g06ca16a (webtiles) character file.

Game seed: 8574965488043033223

2483 Hylith the Severer (level 9, -6/90 HPs)
             Began as a Hill Orc Fighter on May 19, 2019.
             Was a Priest of Okawaru.
             Mangled by a demonic crawler (8 damage)
             ... in the Dungeon (Sprint I: "Red Sonja").
             The game lasted 00:09:55 (727 turns).

Hylith the Severer (Hill Orc Fighter)                Turns: 727, Time: 00:09:55

Health: -6/90      AC: 10    Str: 27    XL:     9   Next: 52%
Magic:  12/13      EV: 12    Int:  8    God:    Okawaru [***...]
Gold:   441        SH: 14    Dex: 10    Spells: 8/8 levels left

rFire    . . .     SeeInvis .   a - +0 war axe
rCold    . . .     Gourm    .   c - +0 shield
rNeg     . . .     Faith    .   b - +0 scale mail
rPois    .         Spirit   .   (no helmet)
rElec    .         Reflect  .   (no cloak)
rCorr    .         Harm     .   (no gloves)
MR       .....     NoTele   +   (no boots)
Stlth    +.........             (no amulet)
HPRegen  0.25/turn              (no ring)
MPRegen  0.13/turn              (no ring)

@: mighty, heroism
A: no striking features
a: Heroism, Renounce Religion


You were in the Dungeon.
You worshipped Okawaru.
Okawaru was most pleased with you.
You were not hungry.

You visited 1 branch You collected 621 gold pieces.
You spent 180 gold pieces at shops.

Inventory:

Hand Weapons
 a - a +0 war axe (weapon)
Armour
 b - a +0 scale mail (worn)
 c - a +0 shield (worn)
Wands
 e - a wand of flame (8)
 l - a wand of random effects (7)
Scrolls
 k - a scroll of blinking
Potions
 h - a potion of haste
 i - 2 potions of magic
 j - a potion of berserk rage
Comestibles
 f - 2 rations


   Skills:
 + Level 11.7(16.7) Fighting
 + Level 15.6(20.6) Axes
 + Level 10.7(15.7) Armour
 + Level 10.7(15.7) Shields
 + Level 5.6 Invocations
 + Level 4.0 Evocations


You had 8 spell levels left.
You didn't know any spells.
Your spell library was empty.

Dungeon Overview and Level Annotations

Branches:
Dungeon (1/1)

Altars:
Cheibriados
Dithmenos
Elyvilon
Fedhas
Gozag
Hepliaklqana
Kikubaaqudgha
Makhleb
Nemelex Xobeh
Okawaru
Qazlal
Ru
Sif Muna
Trog
Uskayaw
Vehumet
Wu Jian
Xom
Yredelemnul
Zin
The Shining One
Jiyva
Lugonu

Shops:
D }


Message History

* * * LOW HITPOINT WARNING * * *
You block the demonic crawler's attack. x4
Aiming: Random Effects
Press: ? - help, Shift-Dir - straight line, f/p - demonic crawler
Aim: a demonic crawler (clinging)
The demonic crawler seems to slow down.
The demonic crawler barely misses you. The demonic crawler hits you.
* * * LOW HITPOINT WARNING * * *
The demonic crawler hits you.
* * * LOW HITPOINT WARNING * * *
You slash the demonic crawler!
The demonic crawler is heavily wounded.
The demonic crawler closely misses you.
The demonic crawler hits you but does no damage.
You block the demonic crawler's attack.
You slash the demonic crawler!
The demonic crawler is severely wounded.
You block the demonic crawler's attack. The demonic crawler barely misses you.
The demonic crawler hits you!
You die...

##########################
#<.#..'..#..'..#__#.))...#
#..'[.#..').#..'.s'..#...#
#..#####'#####s#__####...'..#
#..####..#...#s#### #####..+
#..#__####..##@# ##
#..#_____##'#_.+
#⌠⌠#_.∩...'..)_#
####_..__##_.#+# #_____###'#
#########.####+###
......'...'.....+
+++####...####### ##.##


You could see 2 demonic crawlers.

Vanquished Creatures
  Sonja (D)
  A deep troll (D)
  2 kobold demonologists (D)
  A demonic crawler (D)
  A slime creature (D)
  Sigmund (D)
  A yak (D)
  A floating eye (D)
  A jelly (D)
  Ijyb (D)
11 creatures vanquished.

Notes
Turn   | Place    | Note
-------+----------+-------------------------------------------
     0 | D        | Hylith the Hill Orc Fighter began the quest for the Orb.
     0 | D        | Reached XP level 1. HP: 19/19 MP: 1/1
     1 | D        | Noticed Ijyb
    16 | D        | Killed Ijyb
    16 | D        | Reached skill level 5 in Axes
    16 | D        | Reached XP level 2. HP: 21/28 MP: 2/2
    16 | D        | Reached XP level 3. HP: 25/34 MP: 3/3
    98 | D        | Noticed an ogre
   114 | D        | Noticed Sigmund
   120 | D        | Killed Sigmund
   120 | D        | Reached skill level 9 in Axes
   120 | D        | Reached XP level 4. HP: 34/47 MP: 4/4
   120 | D        | Reached XP level 5. HP: 38/52 MP: 5/5
   212 | D        | Found an ornate altar of the Wu Jian Council.
   212 | D        | Found a deep blue altar of Sif Muna.
   214 | D        | Found a radiant altar of Vehumet.
   218 | D        | Reached skill level 10 in Axes
   237 | D        | Found Gofusch's Gadget Emporium.
   237 | D        | Found an ancient bone altar of Kikubaaqudgha.
   237 | D        | Found a hazy altar of Hepliaklqana.
   237 | D        | Found a hide-covered altar of Uskayaw.
   237 | D        | Found a basalt altar of Yredelemnul.
   237 | D        | Found an opulent altar of Gozag.
   237 | D        | Found a snail-covered altar of Cheibriados.
   237 | D        | Found a sacrificial altar of Ru.
   237 | D        | Found a shadowy altar of Dithmenos.
   237 | D        | Noticed a yak
   245 | D        | Killed a yak
   245 | D        | Reached skill level 11 in Axes
   245 | D        | Reached XP level 6. HP: 26/61 MP: 6/6
   417 | D        | Found a stormy altar of Qazlal.
   417 | D        | Found a blossoming altar of Fedhas.
   417 | D        | Found a bloodstained altar of Trog.
   417 | D        | Found an iron altar of Okawaru.
   417 | D        | Found a glowing golden altar of the Shining One.
   417 | D        | Found a glowing silver altar of Zin.
   417 | D        | Found a white marble altar of Elyvilon.
   418 | D        | Found a sparkling altar of Nemelex Xobeh.
   422 | D        | Bought a wand of acid (5) for 180 gold pieces
   423 | D        | Became a worshipper of Warmaster Okawaru
   430 | D        | Noticed Sonja
   432 | D        | Killed Sonja
   432 | D        | Reached * piety under Okawaru
   432 | D        | Reached skill level 13 in Axes
   432 | D        | Reached XP level 7. HP: 63/71 MP: 7/7
   432 | D        | Reached XP level 8. HP: 70/79 MP: 8/8
   525 | D        | Noticed a deep troll
   529 | D        | Killed a deep troll
   529 | D        | Reached ** piety under Okawaru
   529 | D        | Reached skill level 10 in Fighting
   529 | D        | Reached skill level 14 in Axes
   630 | D        | Found a viscous altar of Jiyva.
   630 | D        | Found a corrupted altar of Lugonu.
   630 | D        | Noticed a slime creature
   631 | D        | Found a burning altar of Makhleb.
   631 | D        | Found a shimmering altar of Xom.
   638 | D        | Killed a slime creature
   638 | D        | Reached skill level 15 in Axes
   638 | D        | Reached skill level 10 in Armour
   638 | D        | Reached skill level 10 in Shields
   638 | D        | Reached skill level 1 in Evocations
   651 | D        | Noticed a kobold demonologist
   655 | D        | Noticed a kobold demonologist
   658 | D        | Paralysed by a floating eye for 3 turns
   664 | D        | Noticed a ynoxinul
   664 | D        | Killed a kobold demonologist
   664 | D        | Reached XP level 9. HP: 69/89 MP: 9/11
   681 | D        | Paralysed by a floating eye for 3 turns
   688 | D        | Killed a kobold demonologist
   688 | D        | Reached *** piety under Okawaru
   694 | D        | Noticed a demonic crawler
   694 | D        | Noticed a demonic crawler
   694 | D        | Noticed a demonic crawler
   694 | D        | Noticed a demonic crawler
   720 | D        | Killed a demonic crawler
   720 | D        | Reached skill level 5 in Invocations
   725 | D        | HP: 2/90 [demonic crawler (3)]
   727 | D        | Mangled by a demonic crawler

Levels and vault maps discovered:
D:        dungeon_sprint_1 [red_sonja_temple_1, red_sonja_temple_small_1]

Skill      XL: |  1  2  3  4  5  6  7  8  9 |
---------------+----------------------------+-----
Fighting       | 4 7 8 9 11 | 11.7
Axes           | 5 9 11 13 15 | 15.6
Armour         | 4 6 7 9 10 | 10.7
Shields        | 4 6 7 9 10 | 10.7
Invocations    | 3 5 |  5.6
Evocations     | 2 4 |  4.0

Action                   |  1- 3 |  4- 6 |  7- 9 || total
-------------------------+-------+-------+-------++-------
Melee: War axe           |    18 |     5 |    56 ||    79
Invok: Heroism           |       |       |     1 ||     1
Evoke: Wand              |     4 |     6 |     7 ||    17
  Use: Potion            |     1 |       |     2 ||     3
Armor: Scale mail        |     8 |       |    19 ||    27
Dodge: Dodged            |     5 |     4 |    25 ||    34
Block: Shield            |     7 |     3 |    38 ||    48

Table legend:
 A = Non-vault XP
 B = Vault XP
 C = Vault XP percentage of total XP
 D = Non-vault monster count
 E = Vault monster count
 F = Vault count percentage of total count
                 A         B        C        D         E       F
            +---------+---------+-------+---------+---------+-------
      Total |       0 |    3548 | 100.0 |       0 |      11 | 100.0
            +---------+---------+-------+---------+---------+-------
          D |       0 |    3548 | 100.0 |       0 |      11 | 100.0
            +---------+---------+-------+---------+---------+-------
